 Dungeon Crawl Stone Soup version 0.29.1-2-gbd0b4ee654 (webtiles) character file.

Game seed: 6848443160025081681

1048 predelnik the Chopper (level 8, -11/68 HPs)
             Began as a Hill Orc Monk on Nov 20, 2022.
             Was a Priest of Kikubaaqudgha.
             Mangled by an ogre
             ... wielding a +0 giant spiked club
              (29 damage)
             ... on level 6 of the Dungeon.
             The game lasted 00:16:19 (8045 turns).

predelnik the Chopper (Hill Orc Monk)               Turns: 8045, Time: 00:16:19

Health: -11/68     AC:  6    Str: 16    XL:     8   Next: 25%
Magic:  3/14       EV: 13    Int: 10    God:    Kikubaaqudgha [***...]
Gold:   267        SH:  0    Dex: 13    Spells: 9/15 levels left

rFire   . . .      SeeInvis .   a - +1 hand axe
rCold   . . .      Faith    .   (no shield)
rNeg    + . .      Spirit   .   o - +2 animal skin
rPois   .          Reflect  .   c - +0 helmet
rElec   .          Harm     .   (no cloak)
rCorr   .          Rampage  .   e - +0 pair of gloves
Will    .....                   (no boots)
Stlth   ++........              (no amulet)
HPRegen 0.21/turn               s - ring of positive energy
MPRegen 0.14/turn               (no ring)

@: no status effects
A: no striking features
a: Renounce Religion, Unearth Wretches


You were on level 6 of the Dungeon.
You worshipped Kikubaaqudgha.
Kikubaaqudgha was most pleased with you.
You visited 2 branches of the dungeon, and saw 7 of its levels.

You collected 267 gold pieces.

Inventory:

Hand Weapons
 a - a +1 hand axe (weapon)
Missiles
 l - 3 datura-tipped darts
 t - 9 boomerangs (quivered)
Armour
 c - a +0 helmet (worn)
 e - a +0 pair of gloves (worn)
 o - a +2 animal skin (worn)
Magical Staves
 v - a staff of cold
Jewellery
 s - a ring of positive energy (left hand)
Wands
 y - a wand of paralysis (8)
Scrolls
 d - 4 scrolls of teleportation {@r2}
 f - a scroll of blinking {unknown}
 i - 2 scrolls of enchant weapon
 m - 2 scrolls of magic mapping
 q - 5 scrolls of poison {unknown}
 r - a scroll of fear {unknown}
 u - a scroll of summoning {unknown}
 x - 2 scrolls of vulnerability {unknown}
 z - a scroll of noise {unknown}
 A - a scroll of identify {@r1}
Potions
 b - 2 potions of heal wounds {@q2}
 g - 2 potions of might {unknown}
 h - a potion of lignification {unknown}
 j - 2 potions of attraction {unknown}
 k - a potion of degeneration {unknown}
 n - 3 potions of curing {@q1}
 p - 2 potions of berserk rage {unknown}
 w - a potion of mutation {unknown}
 B - a potion of haste {@q3}


   Skills:
 - Level 5.0 Fighting
 - Level 6.0 Axes
 - Level 2.0 Armour
 + Level 4.1 Dodging
 - Level 1.7 Stealth
 * Level 4.1 Spellcasting
 + Level 3.5 Necromancy


You had 9 spell levels left.
You knew the following spells:

 Your Spells              Type           Power      Damage    Failure   Level
a - Necrotise             Necr           36%        1d5       6%          1
b - Sublimation of Blood  Necr           9%         N/A       9%          2
c - Vampiric Draining     Necr           9%         2d6       17%         3

Your spell library contained the following spells:

 Spells                   Type           Power      Damage    Failure   Level
 Animate Dead             Necr           9%         N/A       50%         4
 Dispel Undead            Necr           9%         3d8       50%         4
 Agony                    Necr           9%         N/A       85%         5
 Hailstorm                Conj/Ice       2%         3d3       94%         4
 Borgnjor's Vile Clutch   Necr/Erth      2%         N/A       98%         5
 Death Channel            Necr           4%         N/A       100%        6
 Simulacrum               Ice/Necr       2%         N/A       100%        6
 Ozocubu's Refrigeration  Ice            1%         4d7       100%        7
 Storm Form               Tmut/Air       1%         N/A       100%        7


Dungeon Overview and Level Annotations

Branches:
Dungeon (6/15)             Temple (1/1) D:5

Altars:
Dithmenos
Fedhas
Hepliaklqana
Kikubaaqudgha
Nemelex Xobeh
Ru
Sif Muna
Trog
Uskayaw
Wu Jian
Yredelemnul
Zin
The Shining One


Message History

Press: ? - help, Shift-Dir - straight line, f - adder
Aim: an adder You miscast Vampiric Draining.
You are very lightly contaminated with residual magic.
Nothing appears to happen.
The adder closely misses you. The adder bites you but does no damage.
Aiming: Vampiric Draining (dangerous; 19% risk of failure)
Press: ? - help, Shift-Dir - straight line, f/p - adder
Aim: an adder You draw life force from the adder!
You feel life coursing into your body. The adder closely misses you.
Aiming: Vampiric Draining (dangerous; 19% risk of failure)
Press: ? - help, Shift-Dir - straight line, f/p - adder
Aim: an adder (almost dead)
You draw life force from the adder.
You kill the adder!
Kikubaaqudgha accepts your kill.
You feel life coursing into your body.
Aiming: Vampiric Draining (dangerous; 17% risk of failure)
Press: ? - help, Shift-Dir - straight line, f - ogre
Aim: an ogre, wielding a +0 giant spiked club You draw life force from the ogre.
You feel life coursing into your body. The ogre closely misses you.
You don't have enough magic to cast this spell.
Unknown command.
You hit the ogre.
The ogre is moderately wounded.
The ogre hits you with a +0 giant spiked club!!
You hit the ogre. You punch the ogre.
The ogre is heavily wounded.
You hit the ogre.
The ogre is severely wounded.
The ogre hits you with a +0 giant spiked club!!
* * * LOW HITPOINT WARNING * * *
Your magical contamination has completely faded away.
You hit the ogre.
The ogre is almost dead.
The ogre hits you with a +0 giant spiked club!!
You die...
Kikubaaqudgha rasps: "You have failed me!
Welcome... death!"

#..)..##..## ...# ....
#.......(..### #..# ...[.
.†...........## ##..# .....
.)............# #...#).....
..............# #.#.#K.....
#..........(..# #..K.......
##............#####..K.......
#########.......###O#.######
#.#####@##.....#
#.#...#O#..###.# #.
#..K.......# #########..# .#
#


You could see an ogre and a kobold.

Vanquished Creatures
  A steam dragon (D:6)
  An orc warrior (D:6)
  A centaur (D:6)
  2 black bears (D:5)
  A phantom (D:5)
  2 necrophages (D:5)
  A scorpion (D:5)
  4 jellies
  5 orc wizards
  An iguana (D:6)
  Robin (D:2)
  5 adders
  A white imp (D:6)
  An ufetubus (D:6)
  3 worms
  A dart slug (D:3)
  16 orcs
  7 ball pythons
  4 bats
  7 endoplasms
  3 giant cockroaches
  14 goblins
  8 hobgoblins
  4 jackals (D:2)
  8 kobolds
  3 quokkas (D:1)
  A frilled lizard (D:3)
  4 rats
110 creatures vanquished.

Vanquished Creatures (collateral kills)
  2 orcs (D:6)
2 creatures vanquished.

Vanquished Creatures (others)
  An ice beast (D:6)
1 creature vanquished.

Grand Total: 113 creatures vanquished

Notes
Turn   | Place    | Note
-------+----------+-------------------------------------------
     0 | D:1      | predelnik the Hill Orc Monk began the quest for the Orb.
     0 | D:1      | Reached XP level 1. HP: 19/19 MP: 1/1
   338 | D:1      | Reached XP level 2. HP: 13/27 MP: 2/2
   868 | D:1      | Reached XP level 3. HP: 29/33 MP: 3/3
  1057 | D:2      | Noticed Robin
  1065 | D:2      | Reached skill level 1 in Armour
  1103 | D:2      | Killed Robin
  1104 | D:2      | Reached skill level 5 in Axes
  1105 | D:2      | Found a blossoming altar of Fedhas.
  1219 | D:2      | Found a faded altar of an unknown god.
  1264 | D:2      | Prayed at the altar of an unknown god.
  1264 | D:2      | Became a worshipper of Kikubaaqudgha
  1264 | D:2      | Reached * piety under Kikubaaqudgha
  1264 | D:2      | Received a gift from Kikubaaqudgha
  1264 | D:2      | Reached ** piety under Kikubaaqudgha
  1335 | D:2      | Learned a level 1 spell: Necrotise
  1390 | D:2      | Reached XP level 4. HP: 35/40 MP: 1/4
  1494 | D:2      | Reached *** piety under Kikubaaqudgha
  1494 | D:2      | Received a gift from Kikubaaqudgha
  2355 | D:2      | Learned a level 2 spell: Sublimation of Blood
  2668 | D:3      | Found a hazy altar of Hepliaklqana.
  3274 | D:3      | Reached XP level 5. HP: 44/47 MP: 0/6
  3529 | D:3      | Found a blossoming altar of Fedhas.
  3950 | D:4      | Reached skill level 1 in Spellcasting
  4116 | D:4      | Found a hide-covered altar of Uskayaw.
  4297 | D:4      | Reached skill level 1 in Necromancy
  4638 | D:4      | You fall into a shaft and drop 2 floors!
  4793 | D:6      | Reached XP level 6. HP: 43/55 MP: 0/8
  4803 | D:6      | Learned a level 3 spell: Vampiric Draining
  5157 | D:6      | Reached skill level 5 in Fighting
  5163 | D:6      | Reached skill level 6 in Axes
  5361 | D:6      | Got Sif Muna's Incunable of Changed Hoarfrost
  5363 | D:6      | Noticed an orc warrior
  5391 | D:5      | Entered Level 5 of the Dungeon
  5413 | D:5      | Reached XP level 7. HP: 22/61 MP: 10/10
  5722 | D:5      | Reached **** piety under Kikubaaqudgha
  5761 | D:5      | HP: 2/57 [necrophage (1)]
  6182 | D:5      | Found an ancient bone altar of Kikubaaqudgha.
  6598 | D:5      | Found a staircase to the Ecumenical Temple.
  6754 | Temple   | Entered the Ecumenical Temple
  7041 | D:5      | Reached XP level 8. HP: 35/68 MP: 1/13
  7491 | D:5      | Found a glowing golden altar of the Shining One.
  8045 | D:6      | Mangled by an ogre

Illustrated notes

Levels and vault maps discovered:
D:1:      minmay_arrival_stair_chambers, layout_rooms
D:2:      layout_loops_corners, basic_altar, ebering_ecumenical_altar_petrified,
          minmay_misc_feat_tiny, uniq_robin
D:3:      layout_loops_cross, mainiacjoe_overflow_tiny_flanked,
          mainiacjoe_overflow_surrounded_room, grunt_ministairs_9
D:4:      layout_cave_pools, lemuel_coloured_pillars_altar,
          chequers_serial_rivers_micro_a, st_stairs_6, uniq_crazy_yiuf_cottage
D:5:      layout_basic, amcnicky_altar_gilded, nicolae_tso_carved_into_rock,
          temple_pool_b, minmay_misc_feat_rows
D:6:      layout_basic, mainiacjoe_overflow_paths, sigmund_army
Temple:   nicolae_temple_two_arcs

Skill      XL: |  1  2  3  4  5  6  7  8 |
---------------+-------------------------+-----
Fighting       | 4 5 |  5.0
Armour         | 1 2 |  2.0
Axes           | 5 6 |  6.0
Spellcasting   | 1 2 3 4 |  4.1
Necromancy     | 1 2 3 |  3.5
Dodging        | 3 4 |  4.1
Stealth        | |  1.7

Action                   |  1- 3 |  4- 6 |  7- 9 || total
-------------------------+-------+-------+-------++-------
Melee: Hand axe          |   115 |   145 |   123 ||   383
       Punch             |     1 |     3 |     1 ||     5
 Cast: Necrotise         |     1 |    98 |    42 ||   141
       Sublimation of Bl |       |     1 |       ||     1
       Vampiric Draining |       |       |     8 ||     8
Invok: Unearth Wretches  |       |       |     1 ||     1
Evoke: Wand              |       |     1 |       ||     1
  Use: Potion            |     1 |       |     2 ||     3
       Scroll            |       |     4 |       ||     4
 Stab: Paralysed         |       |     2 |     2 ||     4
       Sleeping          |       |     1 |       ||     1
Armor: Robe              |     3 |       |       ||     3
       Plate armour      |    96 |       |       ||    96
       Animal skin       |     5 |    74 |    54 ||   133
Dodge: Dodged            |    42 |   129 |   107 ||   278
